 Dungeon Crawl Stone Soup version 0.28.0 (webtiles) character file.

Game seed: 16874320249103508282

501 Karpo the Covert (level 6, -1/28 HPs)
             Began as a Spriggan Enchanter on Feb 15, 2022.
             Slain by a goblin (4 damage)
             ... led by Robin
             ... on level 4 of the Dungeon.
             The game lasted 00:12:57 (4867 turns).

Karpo the Covert (Spriggan Enchanter)               Turns: 4867, Time: 00:12:58

Health: -1/28      AC:  3    Str:  4    XL:     6   Next: 95%
Magic:  5/13       EV: 17    Int: 19    God:
Gold:   87         SH:  0    Dex: 15    Spells: 8/13 levels left

rFire   . . .      SeeInvis +   f - +2 dagger (speed)
rCold   . . .      Faith    .   (no shield)
rNeg    . . .      Spirit   .   b - +0 robe
rPois   .          Reflect  .   (helmet restricted)
rElec   .          Harm     .   n - +0 cloak
rCorr   .          Rampage  .   (gloves unavailable)
Will    +....                   (boots unavailable)
Stlth   ++++......              (no amulet)
HPRegen 0.09/turn               (no ring)
MPRegen 0.13/turn               (no ring)

@: very quick
A: very small, no large weapons, unfitting armour, see invisible, speed 3
a: no special abilities


You were on level 4 of the Dungeon.
You visited 1 branch of the dungeon, and saw 4 of its levels.

You collected 87 gold pieces.

Inventory:

Hand Weapons
 a - a +1 vorpal dagger
 f - a +2 dagger of speed (weapon)
 j - a +0 short sword
 m - a +3 quarterstaff of chaos
Armour
 b - a +0 robe (worn)
 n - a +0 cloak (worn)
Magical Staves
 e - a staff of air
Wands
 o - a wand of flame (19)
Potions
 c - a potion of invisibility
 d - a potion of lignification
 i - 2 potions of mutation


   Skills:
 - Level 5.0 Short Blades
 - Level 2.6 Dodging
 - Level 8.0 Stealth
 - Level 4.0 Spellcasting
 + Level 5.0 Hexes


You had 8 spell levels left.
You knew the following spells:

 Your Spells              Type           Power      Damage    Failure   Level
a - Confusing Touch       Hex            23%        N/A       5%          3
b - Ensorcelled Hibernat  Hex/Ice        26%        N/A       8%          2

Your spell library contained the following spells:

 Spells                   Type           Power      Damage    Failure   Level
 Tukima's Dance           Hex            23%        N/A       5%          3
 Dazzling Flash           Conj/Hex       26%        N/A       14%         3
 Corpse Rot               Necr/Air       6%         N/A       21%         2
 Poisonous Vapours        Pois/Air       6%         N/A       21%         2
 Spider Form              Tmut/Pois      3%         N/A       38%         3
 Anguish                  Hex/Necr       6%         N/A       43%         4


Dungeon Overview and Level Annotations

Branches:
Dungeon (4/15)
 Temple: D:4-7

Altars:


Innate Abilities, Weirdness & Mutations

You are very small and have problems with some larger weapons.
You are too small for most types of armour.
You have supernaturally acute eyesight. (SInv)
You cover ground extremely quickly. (Speed+++)


Message History

Aiming: Ensorcelled Hibernation (safe; 8% risk of failure)
Press: ? - help, Shift-Dir - straight line, f/p - Robin
Aim: Robin, wielding a +0 dagger, wearing a +0 animal skin and wearing a +0 helmet (chance to affect: 55%) Robin resists with significant effort.
You hear the slow rusting of a very distant drain.
The goblin barely misses you. The endoplasm freezes you.
You are frozen.
The goblin barely misses you. The goblin misses you.
The goblin hits you but does no damage. The goblin hits you with a +0 club.
The goblin misses you.
You hit Robin but do no damage.
Casting: Ensorcelled Hibernation (safe; 8% risk of failure)
Confirm with . or Enter, or press ? or * to list all spells.
Aiming: Ensorcelled Hibernation (safe; 8% risk of failure)
Press: ? - help, Shift-Dir - straight line, f/p - Robin
Aim: Robin, wielding a +0 dagger, wearing a +0 animal skin and wearing a +0 helmet (chance to affect: 55%) Robin looks drowsy...
The hobgoblin no longer looks unusually strong.
The goblin hits you but does no damage. The goblin closely misses you.
The endoplasm hits you but does no damage.
The goblin hits you with a +0 club.
* * * LOW HITPOINT WARNING * * *
The goblin hits you but does no damage. The goblin hits you with a +0 club.
* * * LOW HITPOINT WARNING * * *
The goblin hits you with a +0 club.
* * * LOW HITPOINT WARNING * * *
The helpless Robin fails to defend themself.
You spit Robin like a pig!!!
You kill Robin!
The goblin no longer looks unusually strong.
The goblin completely misses you. The endoplasm misses you.
The goblin hits you but does no damage. The goblin misses you.
Your Hexes skill increases to level 5!
The goblin hits you with a +0 dagger.
* * * LOW HITPOINT WARNING * * *
The goblin hits you but does no damage.
Items here: ) [[ †.
The goblin completely misses you. The goblin hits you with a +0 club.
You die...

#...........#.....#
#...........#.....#
#...........#.....#
#...........#.....#
#...........#..g..#
#...........#g.J..#
#.....).....#g)g..+
#.§.§§§.....#gggg.#
#§.§§§§§....#@g...#
#§§§§§§§....#....)#####
#§§§§§§#....#...†.......
########.####...........
#.......)........
#................
.....#####...... .....
#####+ .....


You could see an endoplasm, a hobgoblin and 8 goblins.

Vanquished Creatures
  Grinder (D:3)
  A phantom (D:3)
  A howler monkey (D:2)
  Crazy Yiuf (D:3)
  Robin (D:4)
  4 gnolls
  3 adders
  3 worms
  3 dart slugs
  An orc (D:3)
  6 ball pythons
  6 bats
  8 endoplasms
  3 giant cockroaches
  8 goblins
  5 hobgoblins
  7 jackals (D:1)
  4 quokkas
  4 frilled lizards
  5 kobolds
  3 rats
78 creatures vanquished.

Vanquished Creatures (others)
  107 plants (D:1)
107 creatures vanquished.

Grand Total: 185 creatures vanquished

Notes
Turn   | Place    | Note
-------+----------+-------------------------------------------
     0 | D:1      | Karpo the Spriggan Enchanter began the quest for the Orb.
     0 | D:1      | Reached XP level 1. HP: 9/9 MP: 5/5
   485 | D:1      | Reached XP level 2. HP: 13/13 MP: 6/6
   495 | D:1      | Reached skill level 5 in Stealth
   828 | D:1      | Learned a level 2 spell: Ensorcelled Hibernation
  1312 | D:1      | Found a faded altar of an unknown god.
  2073 | D:2      | Reached XP level 3. HP: 16/16 MP: 8/8
  2452 | D:2      | Reached skill level 6 in Stealth
  2487 | D:2      | Reached XP level 4. HP: 15/21 MP: 4/9
  2493 | D:2      | Learned a level 3 spell: Confusing Touch
  2946 | D:2      | Reached skill level 7 in Stealth
  3321 | D:2      | Reached XP level 5. HP: 22/24 MP: 10/10
  3761 | D:3      | Noticed a phantom
  3780 | D:3      | Killed a phantom
  4048 | D:3      | Reached skill level 8 in Stealth
  4110 | D:3      | Noticed Grinder
  4343 | D:3      | Found a runed translucent door.
  4344 | D:3      | Noticed Crazy Yiuf
  4351 | D:3      | Killed Crazy Yiuf
  4352 | D:3      | Reached XP level 6. HP: 28/28 MP: 11/11
  4405 | D:3      | Killed Grinder
  4406 | D:3      | Reached skill level 5 in Short Blades
  4833 | D:4      | Noticed Robin
  4864 | D:4      | Killed Robin
  4865 | D:4      | Reached skill level 5 in Hexes
  4867 | D:4      | Slain by a goblin

Illustrated notes

Levels and vault maps discovered:
D:1:      roderic_crop_circles_arrival_small, layout_basic,
          hellmonk_ecumenical_altar_lost_god, kennysheep_another_room
D:2:      layout_basic
D:3:      layout_rooms, kennysheep_small_spiral, kennysheep_generic_room_13,
          uniq_grinder, uniq_crazy_yiuf_cottage
D:4:      layout_gridville, lightli_sewer_entry_pipes, columned_hall_lemuel,
          nicolae_shop_self_help, uniq_robin

Skill      XL: |  1  2  3  4  5  6 |
---------------+-------------------+-----
Stealth        | 5 6 7 8 |  8.0
Short Blades   | 2 3 4 5 |  5.0
Spellcasting   | 4 |  4.0
Hexes          | 5 |  5.0
Dodging        | |  2.6

Action                   |  1- 3 |  4- 6 || total
-------------------------+-------+-------++-------
Melee: Dagger            |   118 |   148 ||   266
       Punch             |       |     2 ||     2
 Cast: Ensorcelled Hiber |     8 |    25 ||    33
       Confusing Touch   |       |     2 ||     2
  Use: Scroll            |       |     7 ||     7
 Stab: Sleeping          |    23 |    16 ||    39
       Confused          |       |     4 ||     4
       Distracted        |       |     1 ||     1
Armor: Robe              |     9 |    16 ||    25
Dodge: Dodged            |    69 |    99 ||   168
